Map: Daybreak LE (Void)

Players

Classic

  • Race: Protoss Protoss
  • League: Grandmaster
  • Spawn Location: 1:00

soO - Winner!

  • Race: Zerg Zerg
  • League: Grandmaster
  • Spawn Location: 7:00

Event: Polygon Gaming Invitational 7

VOD

Have the link to the VOD?

Description

Time

  • Played on: Jan. 14, 2017, 12:26 p.m.
  • Length: 11:00

All games in this series

Show
View Real Time Build Order
Export as new Build Order

Classic Protoss 

Build Orders: 1 Gate Expand, Mass Adepts, Zealot Archon 

Get SALT Encoding   

  12  0:01  Probe (Chrono Boost)  
  13  0:11  Probe (Chrono Boost)  
  14  0:17  Pylon  
  14  0:22  Probe (Chrono Boost)  
  16  0:36  Probe (Chrono Boost)  
  16  0:38  Gateway  
  16  0:45  Assimilator  
  16  0:46  Probe (Chrono Boost)  
  17  0:57  Probe (Chrono Boost)  
  18  1:01  Gateway  
  18  1:07  Probe (Chrono Boost)  
  19  1:25  Cybernetics Core  
  19  1:40  Nexus  
  19  1:46  Pylon  
  19  1:59  Adept  
  19  2:00  Adept  
  19  2:06  Probe (Chrono Boost)  
  19  2:07  Assimilator  
  24  2:11  Warp Gate  
  24  2:18  Probe (Chrono Boost)  
  25  2:29  Probe (Chrono Boost)  
  26  2:32  Adept  
  28  2:39  Probe (Chrono Boost)  
  29  2:48  Twilight Council  
  29  2:50  Probe (Chrono Boost)  
  30  2:54  Probe (Chrono Boost)  
  30  2:58  Adept  
  33  3:02  Adept  
  35  3:09  Probe x2 (Chrono Boost)  
  37  3:16  Resonating Glaives  
  37  3:21  Gateway  
  37  3:26  Probe (Chrono Boost)  
  37  3:27  Probe (Chrono Boost)  
  37  3:33  Adept  
  39  3:36  Adept  
  39  3:39  Probe (Chrono Boost)  
  41  3:42  Probe (Chrono Boost)  
  41  3:45  Pylon  
  41  3:49  Probe (Chrono Boost)  
  41  3:54  Probe (Chrono Boost)  
  43  3:59  Pylon  
  43  4:00  Probe (Chrono Boost)  
  45  4:11  Mothership Core (Chrono Boost)  
  45  4:16  Adept x3  
  53  4:26  Probe (Chrono Boost)  
  53  4:28  Pylon  
  53  4:30  Probe (Chrono Boost)  
  54  4:37  Dark Shrine  
  55  4:39  Probe (Chrono Boost)  
  55  4:40  Probe (Chrono Boost)  
  55  4:41  Assimilator  
  55  4:42  Assimilator  
  56  5:02  Adept x3  
  56  5:03  Probe (Chrono Boost)  
  56  5:04  Probe (Chrono Boost)  
  52  5:17  Probe (Chrono Boost)  
  52  5:18  Probe (Chrono Boost)  
  50  5:24  Adept, Stalker, Pylon  
  50  5:25  Adept  
  56  5:28  Probe (Chrono Boost)  
  56  5:30  Probe (Chrono Boost)  
  58  5:44  Forge  
  58  5:45  Blink  
  58  5:48  Dark Templar  
  58  5:49  Dark Templar x2  
  64  5:53  Nexus  
  64  5:55  Pylon  
  64  6:07  Probe x2 (Chrono Boost)  
  64  6:08  Pylon  
  66  6:18  Probe (Chrono Boost)  
  68  6:19  Probe (Chrono Boost)  
  68  6:26  Archon  
  68  6:32  Protoss Ground Weapons Level 1  
  66  6:35  Probe (Chrono Boost)  
  66  6:38  Adept  
  66  6:39  Adept x2  
  67  6:46  Probe (Chrono Boost)  
  63  6:47  Probe (Chrono Boost)  
  63  6:49  Robotics Facility  
  63  6:54  Gateway  
  63  6:55  Gateway  
  63  6:57  Gateway  
  63  6:58  Gateway  
  63  7:01  Gateway  
  63  7:04  Sentry x3  
  69  7:12  Probe x3 (Chrono Boost)  
  72  7:21  Pylon  
  73  7:23  Probe (Chrono Boost)  
  73  7:24  Probe x2 (Chrono Boost)  
  73  7:28  Stalker  
  73  7:29  Stalker  
  79  7:30  Sentry  
  79  7:34  Warp Prism  
  79  7:36  Probe (Chrono Boost)  
  79  7:37  Probe x2 (Chrono Boost)  
  86  7:48  Gateway  
  86  7:54  Sentry x2  
  86  7:56  Stalker, Sentry x2  
  86  7:57  Stalker x3  
  102  8:01  Assimilator  
  102  8:07  Pylon  
  102  8:10  Observer  
  103  8:20  Stalker  
  93  8:34  Stalker x2  
  93  8:35  Stalker x3  
  103  8:41  Pylon  
  103  8:45  Stalker  
  103  8:46  Stalker x2  
  109  8:49  Pylon  
  109  8:51  Assimilator  
  109  8:52  Pylon  
  109  9:00  Adept x5  
  119  9:05  Pylon  
  119  9:17  Stalker x3  
  119  9:20  Stalker x4  
  119  9:22  Stalker  
  103  9:53  Stalker x2  
  103  9:54  Stalker x6  
  91  10:03  Stalker x8  
  85  10:07  Immortal  
  89  10:15  Robotics Bay  
  89  10:35  Stalker x5  
  89  10:36  Stalker x2  
  89  10:42  Stalker  
Show
View Real Time Build Order
Export as new Build Order

soO Zerg - Winner!

Build Orders: Hatch First 

Get SALT Encoding   

  12  0:00  Drone  
  13  0:12  Overlord  
  13  0:17  Drone  
  14  0:30  Drone x2  
  14  0:34  Drone  
  17  0:52  Hatchery  
  17  0:55  Drone  
  17  0:58  Drone  
  18  1:09  Extractor  
  17  1:13  Spawning Pool  
  17  1:16  Drone  
  17  1:20  Drone  
  18  1:28  Drone  
  19  1:38  Drone  
  20  1:49  Overlord  
  20  1:59  Queen  
  22  2:03  Queen  
  22  2:05  Drone  
  25  2:09  Drone, Metabolic Boost  
  25  2:12  Drone  
  25  2:15  Drone  
  28  2:33  Zergling x2  
  28  2:34  Hatchery  
  28  2:36  Zergling x2  
  29  2:39  Zergling x2  
  29  2:42  Zergling x2  
  31  2:46  Zergling x2  
  31  2:49  Drone  
  33  2:54  Overlord  
  33  2:59  Overlord  
  33  3:11  Drone x3  
  35  3:15  Drone x2  
  35  3:18  Drone  
  38  3:24  Drone  
  38  3:34  Drone x2, Queen  
  39  3:40  Drone  
  42  3:45  Drone  
  42  3:46  Drone  
  44  3:48  Drone  
  44  3:49  Baneling Nest, Drone  
  44  3:54  Drone x3  
  48  4:02  Queen  
  48  4:03  Drone  
  48  4:05  Zergling x4  
  48  4:06  Zergling x2  
  48  4:09  Zergling x4  
  56  4:14  Overlord  
  56  4:18  Zergling x2  
  56  4:19  Zergling x2  
  58  4:27  Overlord  
  58  4:31  Overlord  
  58  4:33  Baneling x4  
  58  4:37  Zergling x8  
  62  4:39  Zergling x4  
  62  4:40  Zergling x2, Drone  
  66  4:45  Overlord  
  66  4:46  Drone x4  
  68  4:58  Zergling x4  
  65  5:03  Zergling x2  
  65  5:04  Zergling x2  
  60  5:11  Drone x2  
  53  5:15  Drone x4  
  53  5:16  Drone  
  53  5:17  Drone  
  57  5:25  Drone x2  
  59  5:29  Drone  
  59  5:31  Extractor, Evolution Chamber  
  58  5:35  Lair  
  58  5:40  Zergling x4, Spore Crawler  
  58  5:41  Zergling x2  
  60  5:44  Spore Crawler  
  60  5:46  Roach Warren  
  60  5:49  Drone x5  
  63  5:54  Zergling x8  
  67  6:01  Drone x2  
  69  6:05  Zerg Melee Weapons Level 1  
  69  6:13  Baneling  
  69  6:14  Baneling x2  
  69  6:18  Drone x4  
  70  6:19  Overlord, Drone  
  70  6:23  Extractor x2  
  71  6:31  Zergling x2, Roach x4  
  76  6:36  Drone x4  
  76  6:39  Drone x3  
  77  6:40  Drone  
  77  6:41  Drone  
  77  6:46  Glial Reconstitution  
  76  6:48  Drone  
  76  6:53  Drone x2  
  79  6:58  Drone  
  79  6:59  Drone  
  79  7:00  Drone x2  
  79  7:01  Drone  
  84  7:02  Drone  
  84  7:03  Drone x2  
  84  7:05  Extractor  
  84  7:06  Overseer  
  86  7:13  Drone  
  86  7:15  Drone x2  
  89  7:21  Hatchery  
  89  7:22  Drone x2, Hatchery  
  89  7:29  Overlord  
  89  7:32  Zergling x14  
  89  7:37  Centrifical Hooks  
  96  7:39  Overlord  
  96  7:42  Overseer  
  96  7:48  Drone  
  96  7:49  Spore Crawler  
  96  7:53  Roach x5  
  106  8:01  Drone x4  
  106  8:02  Drone x4  
  106  8:03  Overlord  
  114  8:09  Overlord  
  114  8:10  Overlord  
  114  8:14  Overlord  
  114  8:18  Overlord x2  
  114  8:21  Zerg Melee Weapons Level 2  
  114  8:22  Overlord  
  114  8:25  Zergling x6  
  111  8:29  Zergling x8, Roach  
  108  8:35  Zergling x10  
  109  8:42  Zergling x6  
  109  8:43  Zergling x4  
  109  8:49  Zergling x8  
  113  8:57  Ravager x4  
  113  8:58  Ravager  
  113  8:59  Zergling x2  
  113  9:00  Zergling x20  
  113  9:02  Ravager x3  
  132  9:07  Roach x3  
  138  9:10  Drone x2  
  140  9:18  Baneling x2  
  140  9:19  Baneling x9  
  140  9:20  Drone  
  140  9:21  Drone x2  
  140  9:22  Zergling x2  
  140  9:23  Zergling x4  
  146  9:26  Overlord  
  146  9:27  Zergling x2  
  146  9:28  Zergling x6  
  150  9:31  Overlord  
  150  9:37  Zergling x2, Roach x2  
  150  9:38  Zergling x8  
  143  9:47  Zergling x14  
  143  9:51  Zergling x2, Roach x2  
  149  9:54  Zergling x2  
  149  9:56  Zergling x6  
  149  9:59  Zergling x4  
  146  10:01  Zergling x2  
  146  10:02  Overseer  
  141  10:07  Pneumatized Carapace  
  141  10:11  Drone x4  
  141  10:12  Queen  
  141  10:13  Zergling x6  
  150  10:15  Baneling x6  
  150  10:16  Baneling x3  
  150  10:25  Zergling x2  
  150  10:26  Zergling x12  
  150  10:28  Drone  
  156  10:34  Overlord  
  155  10:36  Zergling x6  
  155  10:41  Zergling x2  
  155  10:42  Zergling x2  
  154  10:43  Zergling x2  
Tags
 
Add a new tag
Caveats
  • Supply blocks, unpowered buildings, or Contaminate may cause inaccurate times.
  • Supply counts are checked every 10 seconds.